 Dungeon Crawl Stone Soup version 0.29-a0-330-g52719c12eb (webtiles) character file.

Game seed: 14774497851733566899

147 HoaS the Quickloader (level 5, 0/30 HPs)
             Began as a Kobold Hunter on May 19, 2022.
             Slain by a gnoll
             ... wielding a +0 whip
              (3 damage)
             ... on level 2 of the Dungeon.
             The game lasted 00:04:21 (2194 turns).

HoaS the Quickloader (Kobold Hunter)                Turns: 2194, Time: 00:04:22

Health: 0/30       AC:  5    Str:  8    XL:     5   Next: 55%
Magic:  5/5        EV: 13    Int: 11    God:
Gold:   118        SH:  0    Dex: 20    Spells: 4/4 levels left

rFire   . . .      SeeInvis .   a - +1 hand crossbow
rCold   . . .      Faith    .   (no shield)
rNeg    . . .      Spirit   .   d - +0 ring mail
rPois   .          Reflect  .   (no helmet)
rElec   .          Harm     .   (no cloak)
rCorr   .          Rampage  .   (no gloves)
Will    .....                   (no boots)
Stlth   ++........              (no amulet)
HPRegen 0.10/turn               (no ring)
MPRegen 0.09/turn               (no ring)

@: no status effects
A: small, no large weapons, nightstalker 3
a: no special abilities


You were on level 2 of the Dungeon.
You visited 1 branch of the dungeon, and saw 3 of its levels.

You collected 118 gold pieces.

Inventory:

Hand Weapons
 a - a +1 hand crossbow (weapon)
Armour
 d - a +0 ring mail (worn)
Scrolls
 c - a scroll of immolation
Potions
 b - a potion of cancellation
 e - a potion of curing
 f - a potion of heal wounds {unknown}
 g - a potion of degeneration {unknown}
 h - a potion of magic {unknown}
 i - a potion of mutation {unknown}
 l - a potion of lignification {unknown}


   Skills:
 - Level 2.1 Fighting
 + Level 8.5 Crossbows
 - Level 2.4 Dodging
 - Level 1.3 Stealth


You had 4 spell levels left.
You didn't know any spells.
Your spell library contained the following spells:

 Spells                   Type           Power      Damage    Failure   Level
 Sting                    Tmut/Pois      0%         1d3       73%         1
 Poisonous Vapours        Pois/Air       0%         N/A       86%         2
 Olgreb's Toxic Radiance  Pois           0%         N/A       100%        4


Dungeon Overview and Level Annotations

Branches:
Dungeon (3/15)

Altars:
Fedhas

Shops:
D:1 =


Innate Abilities, Weirdness & Mutations

You are small and have problems with some larger weapons.
You are completely attuned to the shadows.


Message History

The gnoll shouts!
The bolt hits the gnoll!
The gnoll is almost dead.
You shoot a bolt.
The bolt hits the gnoll shaman but does no damage.
The gnoll shaman is moderately wounded.
A gnoll comes into view. It is wielding a +0 whip.
You shoot a bolt. The bolt hits the gnoll shaman!
The gnoll shaman is severely wounded.
A gnoll comes into view. It is wielding a +0 whip.
The gnoll shouts!
An adder comes into view.
The gnoll attacks as you move away! The gnoll barely misses you.
A gnoll comes into view. It is wielding a +0 club.
The gnoll throws a throwing net.
The throwing net hits you.
You become entangled in the net!
You see here a throwing net.
You struggle against the net.
An endoplasm comes into view.
The gnoll hits you but does no damage.
You struggle against the net.
The gnoll hits you with a +0 whip. The gnoll hits you with a +0 club.
You shred the net and break free! The gnoll closely misses you.
The gnoll shaman hits you with a +0 whip!
The endoplasm quivers.
The gnoll shaman attacks as you move away!
The gnoll shaman barely misses you. The gnoll hits you with a +0 whip.
* * * LOW HITPOINT WARNING * * *
The gnoll hits you but does no damage.
There is a stone staircase leading up here.
The gnoll misses you. The gnoll closely misses you.
The gnoll hits you with a +0 flail.
* * * LOW HITPOINT WARNING * * *
You climb upwards.
There is a stone staircase leading down here.
Okay, then.
The gnoll misses you. The gnoll hits you but does no damage.
The gnoll barely misses you. The gnoll attacks as you move away!
The gnoll hits you with a +0 whip.
You die...

#..................#.#....†..#.
#.#########........#.#.#..##.##
#.# #....#..#.._..#.#'#..#..#.
#.# #.##.#..#...............#.
###.####'##.#..#...............#.
#....................#........<#.
#......................).........
#...............<#.#.#.#.#....##.
#...............@#.#.#.#.#.......
#......####'#'#gg..#.#.#.#...####
#......# #.#>.g.................
######## #.#........#.###[.....#
##### #.#.########...'......'
#...# #.#..).....#####......#
#...# #.########.#####......#
####...# #.#######........[....#
#......# ##.....................#


You could see 3 gnolls.

Vanquished Creatures
  A scorpion (D:2)
  3 gnolls (D:2)
  An adder (D:2)
  2 worms (D:2)
  3 dart slugs
  3 bats
  3 endoplasms
  2 giant cockroaches
  5 goblins
  A hobgoblin (D:1)
  A quokka (D:2)
  5 ball pythons
  2 frilled lizards
  2 kobolds
  8 rats
42 creatures vanquished.

Notes
Turn   | Place    | Note
-------+----------+-------------------------------------------
     0 | D:1      | HoaS the Kobold Hunter began the quest for the Orb.
     0 | D:1      | Reached XP level 1. HP: 12/12 MP: 1/1
   172 | D:1      | Found a faded altar of an unknown god.
   298 | D:1      | Reached XP level 2. HP: 17/17 MP: 2/2
   414 | D:1      | Reached skill level 6 in Crossbows
   667 | D:1      | Found Houpook's Jewellery Shoppe.
  1078 | D:2      | Reached XP level 3. HP: 19/21 MP: 3/3
  1174 | D:2      | Found a blossoming altar of Fedhas.
  1375 | D:2      | Reached skill level 7 in Crossbows
  1375 | D:2      | Reached XP level 4. HP: 26/26 MP: 4/4
  2037 | D:2      | Noticed a scorpion
  2047 | D:2      | Killed a scorpion
  2048 | D:2      | Reached skill level 8 in Crossbows
  2048 | D:2      | Reached XP level 5. HP: 26/30 MP: 5/5
  2194 | D:2      | Slain by a gnoll

Illustrated notes

Levels and vault maps discovered:
D:1:      dpeg_arrival_signposts, layout_basic, ebering_ecumenical_altar_box,
          serial_shops, nicolae_shop_temple_entry_statues_fountains
D:2:      layout_basic, basic_altar, serial_bayou_crossing
D:3:      minmay_bubble_buster, layout_basic, portal_sewer_entry_e

Skill      XL: |  1  2  3  4 |
---------------+-------------+-----
Crossbows      | 6 7 8 |  8.5
Fighting       | |  2.1
Dodging        | |  2.4
Stealth        | |  1.3

Action                   |  1- 3 |  4- 6 || total
-------------------------+-------+-------++-------
 Fire: Hand crossbow     |    61 |    47 ||   108
  Use: Scroll            |     3 |     3 ||     6
Armor: Ring mail         |     3 |     6 ||     9
Dodge: Dodged            |    14 |    17 ||    31

Table legend: (Time is in decaauts)
 A = Elapsed time spent in this place.
 B = Non-inter-level travel time spent in this place.
 C = Inter-level travel time spent in this place.
 D = Time resting spent in this place.
 E = Time spent auto-exploring this place.
 F = Levels seen in this place.
 G = Mean time per level.
                   A        B        C        D        E       F      G
               +--------+--------+--------+--------+--------+-----+--------+
         Total |   2242 |   2170 |     72 |     92 |   1770 |   3 |  747.3 |
       Dungeon |   2242 |   2170 |     72 |     92 |   1770 |   3 |  747.3 |
               +--------+--------+--------+--------+--------+-----+--------+

Top non-repeatable levels by time:
     D:2: 1133 daAuts
     D:1: 1080 daAuts
     D:3: 29 daAuts
